 Dungeon Crawl Stone Soup version 0.21.1-1-g345015fe64 (webtiles) character file.

6020 Ortega the Magician (level 10, -6/79 HPs)
             Began as a Gnoll Skald on May 26, 2018.
             Was a Priest of Okawaru.
             Mangled by a red ugly thing (15 damage)
             ... on level 9 of the Dungeon.
             The game lasted 01:18:55 (10237 turns).

Ortega the Magician (Gnoll Skald)                  Turns: 10237, Time: 01:18:59

Health: -6/79      AC: 11    Str: 14    XL:     10   Next: 86%
Magic:  11/21      EV: 21    Int: 15    God:    Okawaru [***...]
Gold:   371        SH:  7    Dex: 18    Spells: 16/24 levels left

rFire    . . .     SeeInvis .   V - +0 whip (elec)
rCold    . . .     Gourm    .   u - +0 buckler
rNeg     . . .     Faith    .   o - +1 leather armour {rPois}
rPois    +         Spirit   .   s - +0 helmet
rElec    .         Reflect  .   G - +0 cloak
rCorr    .         Harm     .   A - +0 pair of gloves
MR       .....     Rnd*Tele +   w - +0 pair of boots
Stlth    +++++.....             (no amulet)
HPRegen  0.23/turn              T - ring of poison resistance
MPRegen  0.17/turn              K - ring of teleportation (curse)

@: heroism, infused
A: distributed training, fangs 1, strong nose
a: Heroism, Renounce Religion


You were on level 9 of the Dungeon.
You worshipped Okawaru.
Okawaru was most pleased with you.
You were not hungry.

You visited 2 branches of the dungeon, and saw 10 of its levels.

You collected 371 gold pieces.

Inventory:

Hand Weapons
 a - a +0 hand axe
 g - a +0 short sword of draining
 n - a +0 war axe
 x - a -2 halberd
 y - a +0 halberd of pain
 D - a -1 mace
 I - a +0 dagger of venom
 R - a +0 shortbow
 V - a +0 whip of electrocution (weapon)
 X - a +2 whip of flaming
Missiles
 f - 275 stones (quivered)
 i - 142 arrows
 C - 5 exploding tomahawks
 J - 22 bolts
 M - 19 sling bullets
 N - 2 tomahawks of returning
Armour
 b - a +0 leather armour
 o - a +1 leather armour of poison resistance (worn)
 s - a +0 helmet (worn)
 u - a +0 buckler (worn)
 w - a +0 pair of boots (worn)
 A - a +0 pair of gloves (worn)
 F - a +2 robe
 G - a +0 cloak (worn)
Jewellery
 z - an uncursed ring of resist corrosion
 K - a cursed ring of teleportation (right hand)
 T - a ring of poison resistance (left hand)
 W - an uncursed ring of poison resistance
Wands
 H - a wand of disintegration (3)
 L - a wand of iceblast (3)
Scrolls
 h - 3 scrolls of teleportation
 k - 2 scrolls of magic mapping
 q - a scroll of amnesia
 v - a scroll of fear {unknown}
 B - 2 scrolls of enchant weapon {unknown}
 E - 3 scrolls of blinking {unknown}
 Q - 2 scrolls of immolation {unknown}
 S - 2 scrolls of random uselessness {unknown}
Potions
 e - a potion of lignification
 j - 2 potions of brilliance {unknown}
 l - 4 potions of curing
 m - 2 potions of cancellation {unknown}
 p - a potion of resistance {unknown}
 r - a potion of magic {unknown}
 t - 3 potions of flight {unknown}
 O - 2 potions of agility
 P - a potion of invisibility
 U - 2 potions of mutation {unknown}
Books
 c - a book of Battle

   Spells                             Type                      Level
   a - Infusion                       Charms                       1
   b - Shroud of Golubria             Charms/Translocation         2
   c - Song of Slaying                Charms                       2
   d - Spectral Weapon                Hexes/Charms                 3
   e - Regeneration                   Charms/Necromancy            3
Comestibles
 d - 10 rations


   Skills:
 + Level 7.3(12.3) Fighting
 + Level 5.5(10.5) Short Blades
 + Level 5.5(10.5) Long Blades
 + Level 7.3(12.3) Axes
 + Level 5.5(10.5) Maces & Flails
 + Level 5.5(10.5) Polearms
 + Level 5.5(10.5) Staves
 + Level 5.5(10.5) Slings
 + Level 5.5(10.5) Bows
 + Level 5.5(10.5) Crossbows
 + Level 5.5(10.5) Throwing
 + Level 6.2(11.2) Armour
 + Level 7.3(12.3) Dodging
 + Level 5.5(10.5) Stealth
 + Level 5.5(10.5) Shields
 + Level 5.5(10.5) Unarmed Combat
 + Level 7.6 Spellcasting
 + Level 4.6 Conjurations
 + Level 4.6 Hexes
 + Level 7.2 Charms
 + Level 4.6 Summonings
 + Level 4.6 Necromancy
 + Level 4.6 Translocations
 + Level 4.6 Transmutations
 + Level 4.6 Fire Magic
 + Level 4.6 Ice Magic
 + Level 4.6 Air Magic
 + Level 4.6 Earth Magic
 + Level 4.6 Poison Magic
 + Level 6.1 Invocations
 + Level 5.5 Evocations


You had 16 spell levels left.
You knew the following spells:

 Your Spells              Type           Power        Failure   Level  Hunger
a - Infusion              Chrm           ####         1%          1    None
b - Shroud of Golubria    Chrm/Tloc      ###.......   1%          2    None
c - Song of Slaying       Chrm           ####....     1%          2    None
d - Spectral Weapon       Hex/Chrm       ###.....     3%          3    ##.....


Dungeon Overview and Level Annotations

Branches:
Dungeon (9/15)             Temple (1/1) D:5
   Lair: D:8-11         Orc: D:9-12

Altars:
Ashenzari
Cheibriados
Dithmenos
Elyvilon
Fedhas
Gozag
Hepliaklqana
Kikubaaqudgha
Makhleb
Nemelex Xobeh
Okawaru
Qazlal
Ru
Sif Muna
Trog
Uskayaw
Vehumet
Wu Jian
Xom
Yredelemnul
Zin
The Shining One


Innate Abilities, Weirdness & Mutations

Your experience applies equally to all skills.
You have very sharp teeth.
Your uncanny sense of smell can sniff out nearby items.


Message History

You hit the red ugly thing but do no damage.
The red ugly thing is heavily wounded.
Your spectral weapon hits the red ugly thing.
The red ugly thing punches your spectral weapon!
Your spectral weapon shares its damage with you!
Your spectral weapon is engulfed in flames!
Your spectral weapon resists.
Your spectral weapon shares its damage with you!
Your spectral weapon fades away.
* * * LOW HITPOINT WARNING * * *
The red ugly thing gurgles horribly!
You feel better. You block the red ugly thing's attack.
You hit the red ugly thing.
Lightning courses through the red ugly thing!
Your bite misses the red ugly thing.
The red ugly thing is almost dead.
The red ugly thing punches you.
* * * LOW HITPOINT WARNING * * *
You are engulfed in flames!
You die...

###############
...............
...............
#............
#....@u.>....
#............
#............
#............
..............
###..##########
#.. #..


You could see a red ugly thing.

Vanquished Creatures
  A two-headed ogre (D:8)
  Pikel (D:8)
  Maurice (D:8)
  A hornet (D:8)
  The ghost of flt the Vexing, a novice SpEn (D:3)
  Grinder (D:6)
  A hippogriff (D:5)
  Sigmund (D:4)
  The ghost of Tali the Skirmisher, an amateur MiFi (D:4)
  Duvessa (D:5)
  A water moccasin (D:5)
  A soldier ant (D:8)
  2 ice beasts (D:5)
  2 sky beasts (D:7)
  3 orc warriors
  A phantom (D:7)
  A black bear (D:8)
  A slave (D:8)
  4 ogres
  5 centaurs
  A big kobold (D:8)
  Dowan (D:5)
  A wyvern skeleton (D:9)
  A scorpion (D:4)
  A water moccasin skeleton (D:5)
  6 killer bees (D:7)
  3 howler monkeys
  An electric eel (D:8)
  4 crimson imps
  A bullfrog zombie (D:7)
  2 jellies
  3 orc priests
  4 hounds
  3 iguanas
  Ijyb (D:5)
  4 orc wizards
  5 worker ants
  4 gnolls (D:3)
  5 adders
  5 shadow imps
  An ooze (D:5)
  An adder zombie (D:5)
  4 worms
  A dart slug (D:1)
  4 leopard geckos
  33 orcs
  3 ball pythons
  4 bats
  4 giant cockroaches
  9 goblins
  10 hobgoblins
  14 jackals
  5 kobolds
  3 quokkas
  A ball python skeleton (D:6)
  A frilled lizard (D:2)
  A leopard gecko skeleton (D:4)
  A quokka skeleton (D:6)
  2 rats (D:1)
189 creatures vanquished.

Vanquished Creatures (others)
  3 spectral weapons
3 creatures vanquished.

Grand Total: 192 creatures vanquished

Notes
Turn   | Place    | Note
-------+----------+-------------------------------------------
     0 | D:1      | Ortega the Gnoll Skald began the quest for the Orb.
     0 | D:1      | Reached XP level 1. HP: 20/20 MP: 6/6
   160 | D:1      | Reached XP level 2. HP: 20/26 MP: 2/7
   178 | D:1      | Learned a level 2 spell: Shroud of Golubria
   571 | D:2      | Reached XP level 3. HP: 30/31 MP: 9/9
   605 | D:2      | Found a deep blue altar of Sif Muna.
   612 | D:2      | Reached skill level 5 in Spellcasting
   657 | D:2      | Found a faded altar of an unknown god.
   763 | D:2      | Reached skill level 1 in Invocations
  1063 | D:2      | Learned a level 2 spell: Song of Slaying
  1361 | D:2      | Reached skill level 1 in Short Blades
  1361 | D:2      | Reached skill level 1 in Long Blades
  1361 | D:2      | Reached skill level 1 in Maces & Flails
  1361 | D:2      | Reached skill level 1 in Polearms
  1361 | D:2      | Reached skill level 1 in Staves
  1361 | D:2      | Reached skill level 1 in Slings
  1361 | D:2      | Reached skill level 1 in Bows
  1361 | D:2      | Reached skill level 1 in Crossbows
  1361 | D:2      | Reached skill level 1 in Throwing
  1361 | D:2      | Reached skill level 1 in Stealth
  1361 | D:2      | Reached skill level 1 in Shields
  1361 | D:2      | Reached skill level 1 in Unarmed Combat
  1361 | D:2      | Reached skill level 1 in Evocations
  1536 | D:2      | Reached XP level 4. HP: 23/38 MP: 11/11
  1855 | D:3      | Noticed flt's ghost (novice SpEn)
  1885 | D:2      | Learned a level 3 spell: Spectral Weapon
  2138 | D:3      | Killed flt's ghost
  2138 | D:3      | Reached skill level 1 in Conjurations
  2138 | D:3      | Reached skill level 1 in Hexes
  2138 | D:3      | Reached skill level 1 in Summonings
  2138 | D:3      | Reached skill level 1 in Necromancy
  2138 | D:3      | Reached skill level 1 in Translocations
  2138 | D:3      | Reached skill level 1 in Transmutations
  2138 | D:3      | Reached skill level 1 in Fire Magic
  2138 | D:3      | Reached skill level 1 in Ice Magic
  2138 | D:3      | Reached skill level 1 in Air Magic
  2138 | D:3      | Reached skill level 1 in Earth Magic
  2138 | D:3      | Reached skill level 1 in Poison Magic
  2138 | D:3      | Reached XP level 5. HP: 41/43 MP: 6/12
  2138 | D:3      | Reached XP level 6. HP: 48/50 MP: 7/14
  2189 | D:3      | Reached skill level 5 in Fighting
  2189 | D:3      | Reached skill level 5 in Axes
  2189 | D:3      | Reached skill level 5 in Dodging
  2299 | D:3      | HP: 2/51 [centaur/arrow (6)]
  2486 | D:3      | Found a glowing golden altar of the Shining One.
  2785 | D:3      | Reached XP level 7. HP: 56/56 MP: 4/15
  2911 | D:4      | Found a hide-covered altar of Uskayaw.
  2913 | D:4      | Noticed Tali's ghost (amateur MiFi)
  3305 | D:4      | Found a snail-covered altar of Cheibriados.
  3409 | D:4      | Killed Tali's ghost
  3860 | D:4      | Found an opulent altar of Gozag.
  3860 | D:4      | Found a bloodstained altar of Trog.
  3877 | D:4      | Found a shimmering altar of Xom.
  4147 | D:5      | Entered Level 5 of the Dungeon
  4147 | D:5      | Noticed a hippogriff
  4157 | D:5      | Killed a hippogriff
  4157 | D:5      | Reached XP level 8. HP: 56/63 MP: 5/16
  4261 | D:5      | Noticed Sigmund
  4607 | D:4      | Killed Sigmund
  4979 | D:5      | Noticed Ijyb
  5025 | D:5      | Killed Ijyb
  5650 | D:5      | Found a staircase to the Ecumenical Temple.
  5664 | Temple   | Entered the Ecumenical Temple
  5717 | Temple   | Became a worshipper of Warmaster Okawaru
  5883 | D:5      | Noticed Dowan
  5889 | D:5      | Noticed Duvessa
  5902 | D:5      | Killed Duvessa
  5902 | D:5      | Reached XP level 9. HP: 59/69 MP: 11/18
  5914 | D:5      | Killed Dowan
  6505 | D:6      | Noticed Grinder
  6519 | D:6      | Reached * piety under Okawaru
  6531 | D:6      | Killed Grinder
  6615 | D:6      | Reached skill level 5 in Armour
  6910 | D:6      | Found a white marble altar of Elyvilon.
  7403 | D:7      | Found a bloodstained altar of Trog.
  7940 | D:7      | Reached skill level 5 in Invocations
  7959 | D:7      | Reached ** piety under Okawaru
  8189 | D:8      | Reached XP level 10. HP: 77/77 MP: 16/20
  8216 | D:8      | Noticed Maurice
  8242 | D:8      | Killed Maurice
  8456 | D:8      | Reached skill level 5 in Short Blades
  8456 | D:8      | Reached skill level 5 in Long Blades
  8456 | D:8      | Reached skill level 5 in Maces & Flails
  8456 | D:8      | Reached skill level 5 in Polearms
  8456 | D:8      | Reached skill level 5 in Staves
  8456 | D:8      | Reached skill level 5 in Slings
  8456 | D:8      | Reached skill level 5 in Bows
  8456 | D:8      | Reached skill level 5 in Crossbows
  8456 | D:8      | Reached skill level 5 in Throwing
  8456 | D:8      | Reached skill level 5 in Stealth
  8456 | D:8      | Reached skill level 5 in Shields
  8456 | D:8      | Reached skill level 5 in Unarmed Combat
  8456 | D:8      | Reached skill level 5 in Evocations
  8976 | D:8      | Noticed a two-headed ogre
  8986 | D:8      | Killed a two-headed ogre
  8986 | D:8      | Reached *** piety under Okawaru
  9712 | D:8      | Noticed Pikel
  9727 | D:8      | Killed Pikel
  9958 | D:8      | Found a stormy altar of Qazlal.
 10214 | D:9      | Noticed a red ugly thing
 10237 | D:9      | Mangled by a red ugly thing

Skill      XL: |  1  2  3  4  5  6  7  8  9 10 |
---------------+-------------------------------+-----
Spellcasting   | 5 6 7 |  7.6
Invocations    | 1 2 3 4 5 6 |  6.1
Short Blades   | 1 2 3 4 5 |  5.5
Long Blades    | 1 2 3 4 5 |  5.5
Maces & Flails | 1 2 3 4 5 |  5.5
Polearms       | 1 2 3 4 5 |  5.5
Staves         | 1 2 3 4 5 |  5.5
Slings         | 1 2 3 4 5 |  5.5
Bows           | 1 2 3 4 5 |  5.5
Crossbows      | 1 2 3 4 5 |  5.5
Throwing       | 1 2 3 4 5 |  5.5
Stealth        | 1 2 3 4 5 |  5.5
Shields        | 1 2 3 4 5 |  5.5
Unarmed Combat | 1 2 3 4 5 |  5.5
Evocations     | 1 2 3 4 5 |  5.5
Armour         | 3 4 5 6 |  6.2
Conjurations   | 1 2 3 4 |  4.6
Hexes          | 1 2 3 4 |  4.6
Summonings     | 1 2 3 4 |  4.6
Necromancy     | 1 2 3 4 |  4.6
Translocations | 1 2 3 4 |  4.6
Transmutations | 1 2 3 4 |  4.6
Fire Magic     | 1 2 3 4 |  4.6
Ice Magic      | 1 2 3 4 |  4.6
Air Magic      | 1 2 3 4 |  4.6
Earth Magic    | 1 2 3 4 |  4.6
Poison Magic   | 1 2 3 4 |  4.6
Fighting       | 5 6 7 |  7.3
Axes           | 5 6 7 |  7.3
Dodging        | 5 6 7 |  7.3
Charms         | 6 7 |  7.2

Action                   |  1- 3 |  4- 6 |  7- 9 | 10-12 || total
-------------------------+-------+-------+-------+-------++-------
Melee: Hand axe          |    95 |   108 |   451 |   168 ||   822
       Bite              |    10 |    10 |    52 |    26 ||    98
       Punch             |       |     1 |     6 |     3 ||    10
       Dagger            |       |       |    16 |       ||    16
       Whip              |       |       |       |    67 ||    67
Throw: Stone             |    15 |     2 |    28 |     3 ||    48
 Cast: Infusion          |     5 |     4 |    10 |     4 ||    23
       Shroud of Golubri |     9 |     9 |    42 |    14 ||    74
       Spectral Weapon   |       |     4 |    22 |     5 ||    31
       Song of Slaying   |       |     3 |     7 |     5 ||    15
Invok: Heroism           |       |       |     1 |     3 ||     4
Evoke: Wand              |       |       |       |     6 ||     6
  Use: Scroll            |       |     5 |     3 |     1 ||     9
       Potion            |       |     1 |     1 |     4 ||     6
 Stab: Sleeping          |     1 |       |     3 |     2 ||     6
       Distracted        |       |     1 |     3 |     1 ||     5
  Eat: Chunk             |     2 |     5 |    11 |     2 ||    20
       Ration            |       |       |     3 |     1 ||     4
Armor: Leather armour    |    22 |    43 |   105 |    50 ||   220
       Skin              |       |       |    11 |    17 ||    28
Dodge: Dodged            |    70 |   105 |   331 |   162 ||   668
Block: Buckler           |       |       |       |    22 ||    22
